 Dungeon Crawl Stone Soup version 0.25.1-8-g42b30a86e7 (webtiles) character file.

Game seed: 16904542892160159332

396 hehateme the Skirmisher (level 6, -2/63 HPs)
             Began as a Naga Wanderer on Dec 5, 2020.
             Slain by a bullfrog (5 damage)
             ... in a sewer.
             The game lasted 00:17:38 (4836 turns).

hehateme the Skirmisher (Naga Wanderer)             Turns: 4836, Time: 00:17:39

Health: -2/63      AC:  6    Str: 16    XL:     6   Next: 82%
Magic:  6/6        EV:  4    Int: 15    God:
Gold:   101        SH:  0    Dex:  8    Spells: 5/5 levels left

rFire    . . .     SeeInvis +   a - +2 hand axe
rCold    . . .     Gourm    .   (no shield)
rNeg     . . .     Faith    .   n - +0 chain mail
rPois    +         Spirit   .   (no helmet)
rElec    .         Reflect  .   (no cloak)
rCorr    .         Harm     .   (no gloves)
MR       .....                  (no barding)
Stlth    ..........             (no amulet)
HPRegen  0.20/turn              (no ring)
MPRegen  0.10/turn              (no ring)

@: brilliant, stab, very slow
A: large, see invisible, deformed body, poison resistance, slowness 2, slow
metabolism 1, spit poison 1, AC +2
a: Spit Poison


You were in a sewer.
You were not hungry.

You visited 1 branch of the dungeon, and saw 4 of its levels.
You also visited: Sewer.

You collected 101 gold pieces.

Inventory:

Hand Weapons
 a - a +2 hand axe (weapon)
 b - a +0 hand crossbow
 f - a +0 dagger
Missiles
 k - 70 bolts
 p - 3 atropa-tipped darts
 q - 47 arrows
 u - 37 sling bullets
 v - 6 javelins
 y - 4 boomerangs
 Q - 27 stones (quivered)
Armour
 g - a +0 robe
 j - a +0 ring mail
 n - a +0 chain mail (worn)
Jewellery
 r - an uncursed ring of ice {unknown}
 x - an uncursed ring of stealth {unknown}
Scrolls
 c - a scroll of amnesia
 i - 2 scrolls of identify
 l - a scroll of remove curse
 m - a scroll of blinking {!r}
Comestibles
 e - a ration
 h - a chunk of flesh


   Skills:
 + Level 6.9 Fighting
 - Level 2.0 Axes
 + Level 3.8 Throwing
 - Level 1.0 Armour
 - Level 4.1 Stealth


You had 5 spell levels left.
You didn't know any spells.
Your spell library was empty.

Dungeon Overview and Level Annotations

Branches:
Dungeon (4/15)              Sewer (1/1)
 Temple: D:4-7

Altars:

Annotations:
D:3 Sigmund


Innate Abilities, Weirdness & Mutations

You cannot wear boots.
Your serpentine skin is tough. (AC +2)
You have supernaturally acute eyesight. (SInv)
Armour fits poorly on your strangely shaped body.
Your system is resistant to poisons. (rPois)
You cover ground very slowly.
You have a slow metabolism.
You can spit poison.


Message History

A bullfrog is nearby!
A bullfrog is nearby!
You hit the bullfrog. The bullfrog hits you.
* * * LOW HITPOINT WARNING * * *
The bullfrog hits you.
* * * LOW HITPOINT WARNING * * *
You take 5 damage, and have 2/63 hp.
You feel better. The bullfrog hits you.
* * * LOW HITPOINT WARNING * * *
It was a potion of stabbing.
You feel ready to backstab. The bullfrog barely misses you. x2
You feel clever all of a sudden.
The bullfrog hits you but does no damage.
A bullfrog is nearby!
You closely miss the bullfrog.
The bullfrog hits you but does no damage.
The bullfrog swells and bulges.
The bullfrog hits you.
You die...

≈≈≈≈≈≈≈≈≈≈≈≈≈≈≈≈≈≈≈≈≈≈.#
......≈≈≈≈≈≈≈≈≈≈..≈≈≈≈.#
##≈≈≈≈≈≈≈≈≈≈≈≈≈≈≈≈.≈≈≈.#
≈≈≈≈≈≈≈≈≈≈≈≈≈≈≈≈≈≈.≈≈≈≈#
≈≈≈≈≈≈≈≈≈≈.≈≈≈≈≈≈≈≈≈≈≈≈#
≈≈≈≈≈≈≈≈≈≈.≈≈≈≈≈≈≈≈≈≈≈.#
≈≈≈≈≈≈≈?≈≈≈.≈≈≈≈≈≈≈≈≈≈≈#
≈≈≈≈≈.($%≈≈.≈≈≈(≈≈≈≈≈≈≈#
≈≈≈≈≈≈./...≈≈≈≈≈@≈≈≈≈≈.#
≈≈≈≈.≈≈≈...≈F≈≈≈≈≈≈.#
≈≈.∩≈≈≈≈#≈≈≈≈≈#
≈≈≈≈≈≈≈##≈≈≈≈≈# ≈≈≈≈≈##
#≈≈≈≈.# ≈≈### #≈≈≈≈.# #
#.≈≈≈.# #≈≈≈≈.# #≈≈≈≈.#

Skill      XL: |  1  2  3  4  5 |
---------------+----------------+-----
Stealth        | 4 |  4.1
Throwing       | 1 2 3 |  3.8
Fighting       | 6 |  6.9
Axes           | |  2.0
Armour         | |  1.0

Notes
Turn   | Place    | Note
-------+----------+-------------------------------------------
     0 | D:1      | hehateme the Naga Wanderer began the quest for the Orb.
     0 | D:1      | hehateme set off with the following items: a +2 hand axe, a
                  | +0 hand crossbow, a potion of curing, a ration, a +0
                  | dagger, a +0 robe, 25 bolts
     0 | D:1      | Reached XP level 1. HP: 25/25 MP: 1/1
   112 | D:1      | Reached XP level 2. HP: 28/32 MP: 2/2
   338 | D:1      | Reached skill level 4 in Stealth
   649 | D:1      | Reached XP level 3. HP: 38/39 MP: 3/3
  1229 | D:2      | Reached skill level 1 in Throwing
  1780 | D:3      | Reached XP level 4. HP: 44/46 MP: 4/4
  2870 | D:3      | Noticed a big kobold
  2877 | D:3      | Reached skill level 2 in Throwing
  2891 | D:3      | Killed a big kobold
  2891 | D:3      | Reached skill level 6 in Fighting
  2891 | D:3      | Reached XP level 5. HP: 29/55 MP: 5/5
  3247 | D:3      | Noticed Sigmund
  3694 | D:3      | Noticed Natasha
  3711 | D:3      | Killed Natasha
  3711 | D:3      | Reached skill level 3 in Throwing
  3711 | D:3      | Reached XP level 6. HP: 46/63 MP: 6/6
  4053 | D:3      | Noticed Natasha
  4057 | D:3      | Killed Natasha
  4380 | D:4      | Found a glowing drain.
  4563 | Sewer    | Entered a sewer
  4824 | Sewer    | HP: 15/63 [bullfrog (4)]
  4830 | Sewer    | HP: 11/63 [bullfrog (1)]
  4832 | Sewer    | HP: 2/63 [bullfrog (5)]
  4836 | Sewer    | Slain by a bullfrog

Table legend:
 A = Turns spent in this place as a percentage of turns spent in the entire game.
 B = Non-inter-level travel turns spent in this place as a percentage of non-inter-level travel turns spent in the entire game.
 C = Inter-level travel turns spent in this place as a percentage of turns spent in this place.
 D = Turns resting spent in this place as a percentage of non-inter-level travel turns spent in this place.
 E = Turns spent auto-exploring this place as a percentage of non-inter-level travel turns spent in this place.
 F = Non-inter-level travel turns spent in this place divided by the number of levels of this place that you've seen.
                   A       B       C       D       E      F
               +-------+-------+-------+-------+-------+----------------------
         Total | 100.0 | 100.0 |   5.5 |  15.3 |  66.0 | 913.6
       Dungeon |  94.4 |  94.0 |   5.9 |  16.3 |  66.3 | 1073.8
         Sewer |   5.6 |   6.0 |   0.0 |   0.0 |  61.9 | 273.0
               +-------+-------+-------+-------+-------+----------------------

Table legend:
 A = Kills in this place as a percentage of kills in entire the game.
 B = Kills by you in this place as a percentage of kills by you in the entire game.
 C = Kills by friends in this place as a percentage of kills by friends in the entire game.
 D = Other kills in this place as a percentage of other kills in the entire game.
 E = Experience gained in this place as a percentage of experience gained in the entire game.
 F = Experience gained in this place divided by the number of levels of this place that you have seen.
                   A       B       C       D       E      F
               +-------+-------+-------+-------+-------+----------------------
         Total | 100.0 | 100.0 |   N/A |   N/A | 100.0 | 113.2
       Dungeon |  87.0 |  87.0 |   N/A |   N/A |  80.6 | 114.0
         Sewer |  13.0 |  13.0 |   N/A |   N/A |  19.4 | 110.0
               +-------+-------+-------+-------+-------+----------------------

Action                   |  1- 3 |  4- 6 || total
-------------------------+-------+-------++-------
Melee: Hand axe          |   102 |   149 ||   251
Throw: Stone             |    88 |    89 ||   177
       Javelin           |       |    34 ||    34
       Boomerang         |       |     7 ||     7
 Abil: Spit Poison       |    15 |    11 ||    26
  Use: Scroll            |       |     7 ||     7
       Potion            |       |     8 ||     8
  Eat: Chunk             |     3 |     5 ||     8
       Ration            |       |     1 ||     1
Armor: Robe              |     4 |       ||     4
       Ring mail         |    18 |    27 ||    45
       Chain mail        |       |    34 ||    34
Dodge: Dodged            |    55 |    51 ||   106

Vanquished Creatures
  A big kobold (D:3)
  A bullfrog (Sewer)
  An orc priest (D:3)
  A bullfrog skeleton (D:4)
  An iguana (D:4)
  Natasha (twice) (D:3)
  2 adders (D:3)
  3 worms
  A dart slug (D:2)
  4 leopard geckos
  12 orcs (D:3)
  6 giant cockroaches
  5 hobgoblins
  6 jackals (D:2)
  16 kobolds
  2 quokkas (D:2)
  3 ball pythons
  7 bats
  9 frilled lizards
  6 goblins
  A leopard gecko skeleton (D:2)
  10 rats
100 creatures vanquished.

Vanquished Creatures (others)
  9 toadstools (D:4)
9 creatures vanquished.

Grand Total: 109 creatures vanquished You could see a bullfrog.

Levels and vault maps discovered:
D:1:      doesnt_arrival_eight_statues, layout_rooms
D:2:      layout_rooms, first_ration
D:3:      cheibrodos_thug_alley, layout_basic, chequers_arboretum, uniq_natasha,
          uniq_sigmund
D:4:      cheibrodos_fertilizer, layout_basic, cheibrodos_sewer_entry_bend,
          uniq_edmund
Sewer:    sewer_frog_island_01
